 Dungeon Crawl Stone Soup version 0.31.0-11-ge490571c62 (webtiles) character file.

Game seed: 7680936245517691857

3815 mopl the Martial Artist (level 10, -11/66 HPs)
             Began as an Octopode Shapeshifter on Jan 30, 2024.
             Was a Believer of Uskayaw.
             Mangled by a skeletal warrior
             ... wielding a +0 short sword
              (21 damage)
             ... on level 8 of the Dungeon.
             The game lasted 00:09:48 (8338 turns).

mopl the Martial Artist (Octopode Shapeshifter)     Turns: 8338, Time: 00:09:49

Health: -11/66     AC:  5    Str: 14    XL:     10   Next: 17%
Magic:  22/22      EV: 21    Int: 12    God:    Uskayaw [**....]
Gold:   268        SH:  0    Dex: 18    Spells: 9/9 levels left

rFire   . .          .
                       - Unarmed
rCold   . . .        (no shield)
rNeg    . . .        (helmet currently unavailable)
rPois   +            (no amulet)
rElec   .            J - +4 ring of protection
rCorr   +            (no ring)
SInv    +            r - +5 ring of evasion
Will    .....        t - ring of resist corrosion
Stlth   +++          u - ring of magical power
HPRegen 0.31/turn    G - ring "Seshoed" {rPois Dex+2 SInv}
MPRegen 0.18/turn    (no ring)
                     (no ring)

%: no passive effects
@: beast-form
A: beast (slay +4), almost no armour, amphibious, 8 rings, camouflage 1,
gelatinous body 1, (nimble swimmer 1), tentacles
a: Begin Untransformation, Renounce Religion, Stomp, Line Pass


You were on level 8 of the Dungeon.
You worshipped Uskayaw.
Uskayaw was noncommittal.
You were a hulking beast.
You visited 1 branch of the dungeon, and saw 9 of its levels.

You collected 268 gold pieces.

Inventory:

Hand Weapons
 j - a +2 dagger of draining
 z - the +5 mace "Demonslayer" {drain, rN+}
   (You found it on level 4 of the Dungeon)

   rN+:       It protects you from negative energy.
Missiles
 g - 6 datura-tipped darts (quivered)
 i - 29 poisoned darts
 y - 4 boomerangs
 I - a curare-tipped dart
Armour
 K - a +0 buckler
Jewellery
 r - a +5 ring of evasion (on tentacle)
 t - a ring of resist corrosion (on tentacle)
 u - a ring of magical power (on tentacle)
 G - the ring "Seshoed" (on tentacle) {rPois Dex+2 SInv}
   (You found it on level 6 of the Dungeon)

   [ring of see invisible]

   Dex+2:     It affects your dexterity (+2).
   rPois:     It protects you from poison SInv: It lets you see invisible.
 J - a +4 ring of protection (left tentacle)
Talismans
 b - a beast talisman
 c - a flux talisman
Wands
 v - a wand of paralysis (22)
 A - a wand of flame (19)
 D - a wand of iceblast (12)
Scrolls
 e - 3 scrolls of revelation {unknown}
 h - 2 scrolls of teleportation {unknown}
 l - 3 scrolls of poison {unknown}
 m - a scroll of fog {unknown}
 n - a scroll of enchant armour {unknown}
 o - a scroll of torment {unknown}
 q - a scroll of summoning {unknown}
 w - a scroll of noise {unknown}
 C - a scroll of brand weapon {unknown}
Potions
 a - 2 potions of lignification
 d - 3 potions of curing
 f - 2 potions of mutation
 k - 3 potions of haste
 p - 3 potions of berserk rage
 s - 2 potions of cancellation
 x - 2 potions of might
 B - a potion of enlightenment
 E - a potion of invisibility {unknown}
 F - 2 potions of heal wounds
 H - a potion of attraction


   Skills:
 + Level 5.5 Fighting
 + Level 5.8 Dodging
 * Level 8.4 Unarmed Combat
 + Level 5.1 Invocations
 * Level 7.8 Shapeshifting


You had 9 spell levels left.
You didn't know any spells.
Your spell library contained the following spells:

 Spells                   Type           Power      Damage    Failure   Level
 Apportation              Tloc           0%         N/A       32%         1
 Necrotise                Necr           0%         1d4       32%         1
 Slow                     Hex            0%         N/A       32%         1
 Sting                    Conj/Alch      0%         1d3       32%         1
 Summon Small Mammal      Summ           0%         N/A       32%         1
 Confusing Touch          Hex            0%         N/A       69%         3
 Inner Flame              Hex/Fire       0%         N/A       69%         3
 Sigil of Binding         Hex            0%         N/A       69%         3
 Vampiric Draining        Necr           0%         2d6       69%         3
 Irradiate                Conj/Alch      0%         3d11      100%        5
 Ignition                 Fire           0%         3d3       100%        8


Dungeon Overview and Level Annotations

Branches:
Dungeon (9/15)             Temple (0/1) D:6
   Lair: D:8-11         Orc: D:9-12

Altars:
Ashenzari
Elyvilon
Kikubaaqudgha
Okawaru
Uskayaw
Yredelemnul
Zin

Shops:
D:1 :   D:8 (


Innate Abilities, Weirdness & Mutations

You are a hulking beast.
Your limbs bulge with bestial killing power. (Slay +4)
You cannot wear most types of armour.
You are amphibious.
You can wear up to eight rings at the same time.
Your skin changes colour to match your surroundings (Stealth+).
Your rubbery body absorbs attacks. (AC +1, EV +1)
((You are camouflaged when in or above water. (Stealth+)))
You have tentacles for arms and can constrict up to eight enemies at once.


Message History

You squeeze the skeletal warrior, but do no damage.
You constrict the skeletal warrior, but do no damage.
The skeletal warrior completely misses you.
You tentacle-slap the skeletal warrior.
You squeeze the skeletal warrior, but do no damage.
The skeletal warrior is lightly damaged.
You constrict the skeletal warrior, but do no damage.
The skeletal warrior barely misses you.
You tentacle-slap the skeletal warrior.
The skeletal warrior is lightly damaged.
You constrict the skeletal warrior, but do no damage.
The skeletal warrior misses you.
You bludgeon the skeletal warrior!
The skeletal warrior is moderately damaged.
You constrict the skeletal warrior, but do no damage.
The skeletal warrior completely misses you.
You completely miss the skeletal warrior.
You squeeze the skeletal warrior!
The skeletal warrior is heavily damaged.
You constrict the skeletal warrior, but do no damage.
The skeletal warrior hits you with a +0 short sword!!
You can now pass through a line of other dancers.
You tentacle-slap the skeletal warrior.
The skeletal warrior is heavily damaged.
You constrict the skeletal warrior.
You tentacle-slap the skeletal warrior but do no damage.
The skeletal warrior is heavily damaged.
You constrict the skeletal warrior, but do no damage.
The skeletal warrior hits you with a +0 short sword!!
You are too injured to fight recklessly!
You tentacle-slap the skeletal warrior but do no damage.
The skeletal warrior is heavily damaged.
You constrict the skeletal warrior, but do no damage.
The skeletal warrior hits you with a +0 short sword!!
* * * LOW HITPOINT WARNING * * *
You tentacle-slap the skeletal warrior.
The skeletal warrior is heavily damaged.
You constrict the skeletal warrior.
The skeletal warrior hits you with a +0 short sword!!
You die...

#.....## #...
##.....## #...
#.......# ##..
##.......### #..
#..........#### ##.
##.............#####
##.....########......
#.....[## ####...
##...h...## ##..
#...z.....# #..
#.........## ##..
#..........########...
#....................#
#....................#
#...........##########
##...........# ###
##...........## ##..


You could see a skeletal warrior.

Vanquished Creatures
  Pikel (D:5)
  An unseen horror (D:9)
  Prince Ribbit (D:7)
  A steam dragon (D:9)
  An acid dragon (D:9)
  2 water moccasins (D:6)
  Menkaure (D:4)
  Duvessa (D:5)
  A black bear (D:8)
  An ogre (D:7)
  3 centaurs
  A lemure (D:5)
  2 phantoms
  4 kobold brigands
  4 bullfrogs
  A scorpion (D:4)
  5 wights
  Dowan (D:5)
  4 killer bees
  4 hounds
  An orc priest (D:6)
  2 jellies
  A sleepcap (D:7)
  Natasha (twice) (D:3)
  2 iguanas
  3 orc wizards
  Robin (D:3)
  9 adders
  A shadow imp (D:6)
  3 dart slugs
  A ribbon worm (D:3)
  10 orcs
  7 ball pythons
  7 bats
  5 endoplasms
  3 giant cockroaches
  15 goblins
  11 hobgoblins
  5 jackals
  6 quokkas
  6 frilled lizards
  17 kobolds
  6 rats
164 creatures vanquished.

Notes
Turn   | Place    | Note
-------+----------+-------------------------------------------
     0 | D:1      | mopl the Octopode Shapeshifter began the quest for the Orb.
     0 | D:1      | Reached XP level 1. HP: 13/13 MP: 1/1
    95 | D:1      | Reached XP level 2. HP: 18/18 MP: 2/2
   224 | D:1      | Reached XP level 3. HP: 21/23 MP: 3/3
   274 | D:1      | Found Cinn's Book Emporium.
   881 | D:2      | Reached XP level 4. HP: 28/28 MP: 4/4
  1670 | D:3      | Noticed Natasha
  1677 | D:3      | Killed Natasha
  1678 | D:3      | Reached skill level 4 in Unarmed Combat
  1678 | D:3      | Reached XP level 5. HP: 23/34 MP: 5/5
  1940 | D:3      | Noticed Robin
  1947 | D:3      | Noticed Natasha
  1949 | D:3      | Killed Robin
  1955 | D:3      | Killed Natasha
  2235 | D:3      | Found a faded altar of an unknown god.
  2432 | D:4      | HP: 1/34 [orc wizard/magic dart (7)]
  2583 | D:4      | Reached XP level 6. HP: 40/40 MP: 6/6
  2662 | D:4      | Found a white marble altar of Elyvilon.
  2670 | D:4      | Found a hide-covered altar of Uskayaw.
  2680 | D:4      | Became a worshipper of Uskayaw the Reveller
  2708 | D:4      | Reached * piety under Uskayaw
  2812 | D:4      | Reached ** piety under Uskayaw
  2873 | D:4      | Reached *** piety under Uskayaw
  2874 | D:4      | Reached skill level 1 in Invocations
  2926 | D:4      | Noticed Menkaure
  2932 | D:4      | Killed Menkaure
  2933 | D:4      | Reached skill level 5 in Unarmed Combat
  2933 | D:4      | Reached XP level 7. HP: 20/45 MP: 6/8
  3040 | D:4      | Found an iron altar of Okawaru.
  3056 | D:4      | Identified the +5 mace "Demonslayer" {drain, rN+}
  3378 | D:5      | Entered Level 5 of the Dungeon
  3537 | D:5      | Reached skill level 5 in Shapeshifting
  3698 | D:5      | Noticed Dowan
  3731 | D:5      | Noticed Duvessa
  3747 | D:5      | HP: 1/45 [Duvessa/+0 short sword (10)]
  3750 | D:5      | Killed Duvessa
  3755 | D:5      | Killed Dowan
  3941 | D:5      | Noticed Pikel
  4034 | D:5      | Killed Pikel
  4035 | D:5      | Reached skill level 6 in Unarmed Combat
  4035 | D:5      | Reached XP level 8. HP: 30/54 MP: 10/10
  4566 | D:6      | Identified the ring "Seshoed" {rPois Dex+2 SInv}
  4762 | D:6      | Reached XP level 9. HP: 56/58 MP: 11/11
  4812 | D:6      | Found a staircase to the Ecumenical Temple.
  5080 | D:6      | Reached skill level 7 in Unarmed Combat
  5778 | D:7      | Found a broken altar of Ashenzari.
  5811 | D:7      | Noticed Prince Ribbit
  5820 | D:7      | Killed Prince Ribbit
  5821 | D:7      | Reached skill level 5 in Dodging
  6562 | D:7      | Found a glowing silver altar of Zin.
  7205 | D:8      | Reached skill level 5 in Fighting
  7735 | D:8      | Found Tubreoc's Weapon Emporium.
  7827 | D:8      | Found an ancient bone altar of Kikubaaqudgha.
  8016 | D:9      | Found a basalt altar of Yredelemnul.
  8031 | D:9      | Reached skill level 8 in Unarmed Combat
  8037 | D:8      | Reached **** piety under Uskayaw
  8040 | D:9      | Reached ***** piety under Uskayaw
  8043 | D:9      | Reached XP level 10. HP: 66/66 MP: 13/13
  8084 | D:9      | Noticed an unseen horror
  8089 | D:9      | Killed an unseen horror
  8090 | D:9      | Reached skill level 5 in Invocations
  8305 | D:9      | Noticed a skeletal warrior
  8305 | D:9      | Noticed a skeletal warrior
  8306 | D:9      | Noticed a skeletal warrior
  8338 | D:8      | Mangled by a skeletal warrior

Illustrated notes

Levels and vault maps discovered:
D:1:      ldierk_walled_garden, layout_basic, serial_forest,
          infiniplex_forest_lined_3_way, infiniplex_forest_clump_curved,
          infiniplex_forest_lined_room_3, infiniplex_forest_clump_curved,
          infiniplex_forest_lined_4_way, infiniplex_forest_end_3,
          infiniplex_forest_straight_2, infiniplex_forest_zigzag_1,
          serial_shops, shop
D:2:      layout_basic
D:3:      layout_basic, shapermc_ecumenical_altar_pompeii, uniq_robin,
          uniq_natasha
D:4:      layout_basic, kennysheep_mini_moat, eat_drink_and_be_merry_uskayaw,
          okawaru_ov_weapons_minmay, serial_bayou, serial_bayou_lake_a,
          serial_bayou_lagoon_b, serial_bayou_shore_a, serial_bayou_shore_b,
          serial_bayou_pond_a, uniq_menkaure
D:5:      layout_rooms, nicolae_overflow_hidden_temple,
          serial_library_hellmonk_small_corner, uniq_pikel, uniq_duvessa
D:6:      layout_layer_cave, temple_statues
D:7:      layout_basic, mainiacjoe_overflow_alcove_2, evilmike_ruin_ashenzari,
          uniq_prince_ribbit1
D:8:      layout_layer_cave, kiku_gazebo_garden_becter, serial_shops, shop,
          chequers_serial_rivers_small_3
D:9:      minmay_skewed_foursquare, layout_irregular_city,
          general_overflow_altar, mainiacjoe_overflow_six_doors_small,
          yredelemnul_altar_generic, nzn_wu_jian_contemplation,
          mainiacjoe_overflow_catwalk, david_orc_4, hangedman_glass_teeth,
          feat_on_display

Skill      XL: |  1  2  3  4  5  6  7  8  9 10 |
---------------+-------------------------------+-----
Unarmed Combat | 4 5 6 8 |  8.4
Shapeshifting  | 4 5 6 7 |  7.8
Fighting       | 2 3 4 5 |  5.5
Dodging        | 3 4 5 |  5.8
Invocations    | 1 2 3 4 5 |  5.1

Action                     |  1- 3 |  4- 6 |  7- 9 | 10-12 || total
---------------------------+-------+-------+-------+-------++-------
  Melee: Unarmed           |    62 |   126 |   164 |    25 ||   377
         Tentacles         |    11 |    32 |    44 |     9 ||    96
         Constrict         |    16 |    34 |    32 |     5 ||    87
         Punch             |     1 |     5 |    10 |     1 ||    17
  Evoke: Wand              |       |       |     1 |       ||     1
    Use: Scroll            |       |     6 |     4 |       ||    10
         Potion            |       |       |     1 |       ||     1
   Stab: Sleeping          |     7 |     5 |     6 |       ||    18
         Paralysed         |       |       |    11 |     2 ||    13
 Armour: Skin              |    17 |    51 |    67 |    12 ||   147
  Dodge: Dodged            |    30 |    71 |   150 |    14 ||   265
